AoeStats
← 4k1m

Arabia

510182830Analyzed
1v1 RM · 3d ago on Sep 29, 2026· 26m 3s· 2 players
Game mode
Random Map
Map size
Tiny (2 player)
Population
200
Speed
Normal
Resources
Standard
Victory
Conquest
Starting age
Dark Age
Ending age
Imperial Age
RankedLock teamsTeams togetherTeam positionsShared explorationLock speedFull tech treeHidden civsTurbo modeCheats
Victory
Defeat
🇩🇪 Britons · Germany
1364
+15
🇦🇷 Romans · Argentina
1338
-15
Dr. Lataro
6:06 Loom
9:03 Feudal Age
10:02 Double-Bit Axe
11:03 Horse Collar
18:35 Wheelbarrow
19:19 Gold Mining
24:16 Castle Age
23:13 Scale Barding Armor
23:49 Bloodlines
24:35 Forging
24:19 Light Cavalry
26:24 Iron Casting
4k1m
6:59 Loom
9:14 Feudal Age
10:39 Double-Bit Axe
16:06 Fletching
21:29 Castle Age
19:53 Padded Archer Armor
21:54 Gold Mining
21:45 Horse Collar
22:11 Bodkin Arrow
21:37 Crossbowman
21:44 Crossbowman
24:46 Ballistics
Connection lost

Rejoining the realm…

Still unreachable

The connection could not be restored.

Session expired

The server has moved on; the page needs a fresh start.